 Dungeon Crawl Stone Soup version 0.18-a0-343-gcc6df54 (webtiles) character file.

9 dbrotest the Charlatan (level 2, 3/24 HPs) *WIZ*
             Began as a Deep Dwarf Artificer on Nov 27, 2015.
             Quit the game on level 4 of the Dungeon.
             The game lasted 00:06:50 (215 turns).

dbrotest the Charlatan (Deep Dwarf Artificer)        Turns: 215, Time: 00:06:50

Health: 3/24       AC:  3    Str: 14    XL:     2   Next: 3%
Magic:  5/5        EV: 12    Int: 12    God:    No God 0 (0)
Gold:   11         SH:  0    Dex: 13    Spells: 0 memorised, 1 level left

rFire  . . .     SeeInvis .     a - +0 short sword
rCold  . . .     Clarity  .     b - +0 leather armour
rNeg   . . .     SustAt   .     (no shield)
rPois  .         Gourm    .     (no helmet)
rElec  .         Spirit   .     (no cloak)
rCorr  .         Warding  .     (no gloves)
rMut   .         Stasis   .     (no boots)
MR     .....                    (no amulet)
Stlth  +.........               (no ring)
                                (no ring)

@: non-regenerating, not resistant to hostile enchantments, very unstealthy
A: damage resistance, recharge devices, sense surroundings 1, slow regeneration
3
a: Device Recharging


You were on level 4 of the Dungeon.
You were not hungry.

You visited 1 branch of the dungeon, and saw 4 of its levels.

You collected 11 gold pieces.

Inventory:

Hand Weapons
 a - a +0 short sword (weapon)
Armour
 b - a +0 leather armour (worn)
Jewellery
 j - an uncursed amulet of stasis {unknown}
Wands
 c - a wand of flame (15)
 d - a wand of enslavement (15)
 e - a wand of random effects (15)
 f - a wand of heal wounds (5)
 l - a wand of magic darts (0)
 m - a wand of magic darts (0)
Scrolls
 h - a scroll of blinking {unknown}
 k - a scroll of teleportation {unknown}
Potions
 i - a potion of curing {unknown}
Comestibles
 g - a bread ration


   Skills:
 + Level 0.8 Fighting
 + Level 1.0 Short Blades
 + Level 0.4 Armour
 + Level 2.4 Dodging
 + Level 1.2 Stealth
 + Level 4.4 Evocations


You had one spell level left.
You didn't know any spells.

Dungeon Overview and Level Annotations

Branches:
Dungeon (4/15)
 Temple: D:4-7

Altars:
Fedhas
Pakellas
Vehumet
Xom
Yredelemnul
The Shining One


Innate Abilities, Weirdness & Mutations

You are resistant to damage.
You can recharge devices by infusing magical energy.
You passively map a small area around you.
You do not regenerate naturally.


Message History

Unknown command.
Unknown command.
Enter Wizard Command (? - help): Mapping level.
Enter Wizard Command (? - help): X-ray vision enabled.
Unknown command.
Unknown command.
Unknown command.
Unknown command.
Enter Wizard Command (? - help):
Found a spriggan corpse, an ogre corpse and 26 stones.
Found a radiant altar of Vehumet.
Found a stone staircase leading up.
Enter Wizard Command (? - help):
Found a felid corpse, a spriggan corpse and an ogre corpse.
Found an oddly glowing altar of Pakellas.
There is an oddly glowing altar of Pakellas here.
You see here a spriggan corpse.
You see here a felid corpse.
Are you sure you want to abandon this character and quit the game? (Confirm with "yes".)

..........# ##########+#.#<.#.#.
##........####.......##.#.#.##+##
.+........+..+?..................
##........##......###+###..##....
#........##.#.........†#........
#........#.........†.†.#........
#........#.###+###.._†.+......##
##......##.#.....#.....#......#
#......##.#...@.#.....#......#
#......##.+.._..+.#+###......#
#.....$##.#.†...#............#
#########.#†....#.####.......#
#.........###+###.########+###
#.....oo..........#### #..# #
#....o......########## ##.###
#........############# #..##
#.o......############# ##.##


There were no monsters in sight!

Vanquished Creatures
  A goblin (D:1)
  A hobgoblin (D:1)
  2 kobolds
  3 giant newts (D:1)
  2 rats (D:1)
9 creatures vanquished.

Notes
Turn   | Place    | Note
--------------------------------------------------------------
     0 | D:1      | dbrotest the Deep Dwarf Artificer began the quest for the Orb.
     0 | D:1      | Reached XP level 1. HP: 16/16 MP: 3/3
     0 | D:1      | Entered wizard mode.
   116 | D:1      | Reached skill level 1 in Short Blades
   169 | D:1      | Found an oddly glowing altar of Pakellas.
   176 | D:2      | Found a shimmering altar of Xom.
   176 | D:2      | Found a basalt altar of Yredelemnul.
   176 | D:2      | Found a glowing golden altar of the Shining One.
   176 | D:2      | Found a blossoming altar of Fedhas.
   176 | D:2      | Found an oddly glowing altar of Pakellas.
   176 | D:2      | Found an oddly glowing altar of Pakellas.
   176 | D:3      | Found an oddly glowing altar of Pakellas.
   176 | D:3      | Found a faded altar to an unknown god.
   196 | D:3      | Slain by a gnoll ... wielding a cursed +0 whip (2 damage)
   201 | D:3      | Reached XP level 2. HP: 3/24 MP: 5/5
   203 | D:4      | Noticed a scorpion
   203 | D:4      | Found an oddly glowing altar of Pakellas.
   203 | D:4      | Found a radiant altar of Vehumet.
   210 | D:4      | Found an oddly glowing altar of Pakellas.
   210 | D:4      | Found an oddly glowing altar of Pakellas.
   215 | D:4      | Quit the game

Vault maps used:
D:1:      mrwooster_arrival_statue_3, lexackson_kobold_supper,
          johnstein_pakellas_death_squad
D:2:      lemuel_zombie_altar_yredelemnul, overflow_temple_1_default,
          minitemple, grunt_ministairs_8, uniq_jessica, uniq_iyjb,
          johnstein_pakellas_death_squad
D:3:      ecumenical_altar_2, uniq_natasha, johnstein_pakellas_death_squad,
          johnstein_pakellas_death_squad, johnstein_pakellas_death_squad
D:4:      lemuel_doored_altar, first_bread, johnstein_pakellas_death_squad,
          johnstein_pakellas_death_squad, johnstein_pakellas_death_squad,
          johnstein_pakellas_death_squad, johnstein_pakellas_death_squad,
          johnstein_pakellas_death_squad

Action                   || total
-------------------------++-------
Melee: Short sword       ||    36
